TOP OF THE 1ST |
Seattle (APP) Mariners batting - Pitching for Texas (APP) Rangers : RHP Bobby Scott
|
Pitching: RHP Bobby Scott
|
|
Batting: RHB Nick Edmunds
|
0-0: Foul Ball, location: 2F 0-1: Ball 1-1: Ball 2-1: Foul Ball, location: 2F 2-2: SINGLE (Groundball, 56D, EV 102.5 MPH)
|
Batting: RHB John Vasquez
|
0-0: Ball 1-0: Ball 2-0: Bunted foul 2-1: Bunted foul 2-2: Ball 3-2: Ground out 5-3 (Groundball, 5S, EV 90.0 MPH) Nick Edmunds to second
|
Batting: SHB Carlos Luna
|
0-0: Called Strike 0-1: Ball 1-1: Foul Ball, location: 2F 1-2: Ground out 6-3 (Groundball, 6, EV 99.4 MPH)
|
Batting: RHB Victor Rosas
|
0-0: Ball 1-0: Ball 2-0: Called Strike 2-1: Swinging Strike 2-2: Ground out U3 (Groundball, 34, EV 90.6 MPH)
|
Top of the 1st over - 0 runs, 1 hit, 0 errors, 1 left on base; Seattle (APP) 0 - Texas (APP) 0 |
BOTTOM OF THE 1ST |
Texas (APP) Rangers batting - Pitching for Seattle (APP) Mariners : LHP David Reyes
|
Pitching: LHP David Reyes
|
|
Batting: SHB Tim Rogers
|
0-0: Ball 1-0: Called Strike 1-1: Ball 2-1: Foul Ball, location: 2F 2-2: SINGLE (Groundball, 34D, EV 109.4 MPH)
|
Batting: RHB Ron Squires
|
0-0: Ball 1-0: Called Strike 1-1: Grounds into double play, 4-6-3 (Groundball, 4, EV 90.6 MPH)
|
Batting: RHB Luis Reyna
|
0-0: Called Strike 0-1: Ball 1-1: Fly out, F7 (Flyball, 78M, EV 81.2 MPH)
|
Bottom of the 1st over - 0 runs, 1 hit, 0 errors, 0 left on base; Seattle (APP) 0 - Texas (APP) 0 |
TOP OF THE 2ND |
Seattle (APP) Mariners batting - Pitching for Texas (APP) Rangers : RHP Bobby Scott
|
Batting: SHB Frank Amato
|
0-0: Ball 1-0: Swinging Strike 1-1: Foul Ball, location: 2F 1-2: Ball 2-2: Ball 3-2: SINGLE (Groundball, 6D, EV 103.1 MPH)
|
Batting: LHB Chang Huie
|
0-0: Ball 1-0: Called Strike 1-1: Ball 2-1: Foul Ball, location: 2F 2-2: Foul Ball, location: 2F 2-2: Strikes out swinging
|
Batting: RHB Danny Pujols
|
0-0: Called Strike 0-1: Ball 1-1: Ball Passed Ball! Frank Amato to second 2-1: Ball 3-1: DOUBLE (Line Drive, 8RXD, EV 101.2 MPH) Frank Amato scores
|
Batting: RHB Omar Solis
|
0-0: Called Strike 0-1: Called Strike 0-2: Foul Ball, location: 2F 0-2: Ball 1-2: SINGLE (Groundball, 4MD, EV 96.9 MPH) Danny Pujols to third
|
Batting: RHB Ziven Badersky
|
0-0: Called Strike 0-1: Ball 1-1: Foul Ball, location: 2F 1-2: Strikes out swinging
|
Batting: RHB Nick Edmunds
|
0-0: Fly out, F7 (Flyball, 78S, EV 75.0 MPH)
|
Top of the 2nd over - 1 run, 3 hits, 0 errors, 2 left on base; Seattle (APP) 1 - Texas (APP) 0 |
BOTTOM OF THE 2ND |
Texas (APP) Rangers batting - Pitching for Seattle (APP) Mariners : LHP David Reyes
|
Batting: RHB Elias Sagrero
|
0-0: Ball 1-0: Called Strike 1-1: Ball 2-1: Ball 3-1: Base on Balls
|
Batting: RHB Luis Solorzano
|
0-0: Called Strike 0-1: Ball 1-1: Fielders Choice at 2nd, 4-6 (Groundball, 34S, EV 85.6 MPH)
|
Batting: SHB Zack Barton
|
0-0: Ball Luis Solorzano steals 2nd base 1-0: Ball 2-0: Called Strike 2-1: Foul Ball, location: 2F 2-2: Fly out, F6 (Popup, P, EV 78.1 MPH)
|
Batting: LHB Eddie Reyes
|
0-0: Ball 1-0: Foul Ball, location: 2F 1-1: DOUBLE (Groundball, 3L, EV 101.2 MPH) Luis Solorzano scores
|
Batting: SHB Albert Ortiz
|
0-0: Ball 1-0: Ground out 3-1 (Groundball, 34, EV 102.5 MPH)
|
Bottom of the 2nd over - 1 run, 1 hit, 0 errors, 1 left on base; Seattle (APP) 1 - Texas (APP) 1 |
TOP OF THE 3RD |
Seattle (APP) Mariners batting - Pitching for Texas (APP) Rangers : RHP Bobby Scott
|
Batting: RHB John Vasquez
|
0-0: Swinging Strike 0-1: Foul Ball, location: 2F 0-2: Strikes out looking
|
Batting: SHB Carlos Luna
|
0-0: Ball 1-0: Called Strike 1-1: Foul Ball, location: 2F 1-2: Ball 2-2: Strikes out swinging
|
Batting: RHB Victor Rosas
|
0-0: Ball 1-0: Foul Ball, location: 2F 1-1: Ball 2-1: Foul Ball, location: 2F 2-2: Fly out, F7 (Flyball, 7, EV 94.4 MPH)
|
Top of the 3rd over - 0 runs, 0 hits, 0 errors, 0 left on base; Seattle (APP) 1 - Texas (APP) 1 |
BOTTOM OF THE 3RD |
Texas (APP) Rangers batting - Pitching for Seattle (APP) Mariners : LHP David Reyes
|
Batting: LHB Bobby Scott
|
0-0: Fly out, F8 (Line Drive, 78D, EV 90.0 MPH)
|
Batting: SHB Tim Rogers
|
0-0: Called Strike 0-1: Ground out 4-3 (Groundball, 34, EV 100.0 MPH)
|
Batting: RHB Ron Squires
|
0-0: Called Strike 0-1: Swinging Strike 0-2: Strikes out looking
|
Bottom of the 3rd over - 0 runs, 0 hits, 0 errors, 0 left on base; Seattle (APP) 1 - Texas (APP) 1 |
TOP OF THE 4TH |
Seattle (APP) Mariners batting - Pitching for Texas (APP) Rangers : RHP Bobby Scott
|
Batting: SHB Frank Amato
|
0-0: Called Strike 0-1: Called Strike 0-2: Ball 1-2: Strikes out swinging
|
Batting: LHB Chang Huie
|
0-0: Bunted foul 0-1: Foul Ball, location: 2F 0-2: Ball 1-2: TRIPLE (Line Drive, 9LD, EV 103.1 MPH)
|
Batting: RHB Danny Pujols
|
0-0: Foul Ball, location: 2F 0-1: Ground out U3 (Groundball, 3L, EV 90.6 MPH)
|
Batting: RHB Omar Solis
|
0-0: Ball 1-0: Foul Ball, location: 2F 1-1: Swinging Strike 1-2: Ball 2-2: Foul Ball, location: 2F 2-2: DOUBLE (Groundball, 5L, EV 95.0 MPH) Chang Huie scores
|
Batting: RHB Ziven Badersky
|
0-0: Swinging Strike 0-1: Swinging Strike 0-2: Ball 1-2: Foul Ball, location: 2F 1-2: Strikes out swinging
|
Top of the 4th over - 1 run, 2 hits, 0 errors, 1 left on base; Seattle (APP) 2 - Texas (APP) 1 |
BOTTOM OF THE 4TH |
Texas (APP) Rangers batting - Pitching for Seattle (APP) Mariners : LHP David Reyes
|
Batting: RHB Luis Reyna
|
0-0: Ground out 4-3 (Groundball, 4M, EV 101.2 MPH)
|
Batting: RHB Elias Sagrero
|
0-0: Swinging Strike 0-1: Foul Ball, location: 2F 0-2: Ball 1-2: Foul Ball, location: 2F 1-2: Ball 2-2: Strikes out swinging
|
Batting: RHB Luis Solorzano
|
0-0: Ball 1-0: Called Strike 1-1: Ball 2-1: Ground out 4-3 (Groundball, 4M, EV 86.2 MPH)
|
Bottom of the 4th over - 0 runs, 0 hits, 0 errors, 0 left on base; Seattle (APP) 2 - Texas (APP) 1 |
TOP OF THE 5TH |
Seattle (APP) Mariners batting - Pitching for Texas (APP) Rangers : RHP Bobby Scott
|
Batting: RHB Nick Edmunds
|
0-0: Called Strike 0-1: Swinging Strike 0-2: Ball 1-2: Fly out, F8 (Flyball, 78XD, EV 93.8 MPH)
|
Batting: RHB John Vasquez
|
0-0: Called Strike 0-1: Foul Ball, location: 2F 0-2: Strikes out swinging
|
Batting: SHB Carlos Luna
|
0-0: Ground out 5-3 (Groundball, 25, EV 81.9 MPH)
|
Top of the 5th over - 0 runs, 0 hits, 0 errors, 0 left on base; Seattle (APP) 2 - Texas (APP) 1 |
BOTTOM OF THE 5TH |
Texas (APP) Rangers batting - Pitching for Seattle (APP) Mariners : LHP David Reyes
|
Batting: SHB Zack Barton
|
0-0: SINGLE (Groundball, 6MS, EV 71.9 MPH) (infield hit)
|
Batting: LHB Eddie Reyes
|
0-0: Ball 1-0: DOUBLE (Flyball, 78XD, EV 104.4 MPH) Zack Barton to third
|
Batting: SHB Albert Ortiz
|
0-0: Swinging Strike 0-1: Swinging Strike 0-2: Strikes out swinging
|
Batting: LHB Bobby Scott
|
0-0: Ball 1-0: Ball 2-0: Ball 3-0: Called Strike 3-1: Base on Balls
|
Batting: SHB Tim Rogers
|
0-0: Called Strike 0-1: SINGLE (Groundball, 56, EV 85.6 MPH) (infield hit) Zack Barton scores Eddie Reyes to third Bobby Scott to second
|
Batting: RHB Ron Squires
|
0-0: Ball 1-0: Called Strike 1-1: Ball 2-1: Ball 3-1: Called Strike 3-2: Base on Balls Eddie Reyes scores Bobby Scott to third Tim Rogers to second
|
Pitching: RHP Luis Pantoja
|
|
Batting: RHB Luis Reyna
|
0-0: Ball 1-0: Fly out, F8 (Flyball, 89M, EV 89.4 MPH)
|
Batting: RHB Elias Sagrero
|
0-0: Ground out 5-3 (Groundball, 56S, EV 80.0 MPH)
|
Bottom of the 5th over - 2 runs, 3 hits, 0 errors, 3 left on base; Seattle (APP) 2 - Texas (APP) 3 |
TOP OF THE 6TH |
Seattle (APP) Mariners batting - Pitching for Texas (APP) Rangers : RHP Bobby Scott
|
Pitching: RHP Torsten Fisher
|
|
Batting: RHB Victor Rosas
|
0-0: SINGLE (Groundball, 4D, EV 101.2 MPH)
|
Batting: SHB Frank Amato
|
0-0: Ball 1-0: Ball 2-0: Swinging Strike 2-1: Foul Ball, location: 2F 2-2: Ball 3-2: Strikes out swinging Victor Rosas is caught stealing 2nd base 2-6 Batter strikes out.
|
Batting: LHB Chang Huie
|
0-0: Foul Ball, location: 2F 0-1: Ball 1-1: Ball 2-1: Swinging Strike 2-2: Strikes out swinging
|
Top of the 6th over - 0 runs, 1 hit, 0 errors, 0 left on base; Seattle (APP) 2 - Texas (APP) 3 |
BOTTOM OF THE 6TH |
Texas (APP) Rangers batting - Pitching for Seattle (APP) Mariners : RHP Luis Pantoja
|
Batting: RHB Luis Solorzano
|
0-0: Foul Ball, location: 2F 0-1: Ball 1-1: Ball 2-1: Ball 3-1: Ground out 3-1 (Groundball, 34S, EV 78.8 MPH)
|
Batting: SHB Zack Barton
|
0-0: Called Strike 0-1: Called Strike 0-2: Ball 1-2: Foul Ball, location: 2F 1-2: Ball 2-2: Ball 3-2: Base on Balls
|
Batting: LHB Eddie Reyes
|
0-0: Ball 1-0: Ball 2-0: Called Strike Zack Barton steals 2nd base 2-1: Foul Ball, location: 2F 2-2: Ground out 4-3 (Groundball, 4, EV 78.1 MPH) Zack Barton to third
|
Batting: SHB Albert Ortiz
|
0-0: Called Strike 0-1: Ball 1-1: Ball 2-1: Ball 3-1: Foul Ball, location: 2F 3-2: Strikes out swinging
|
Bottom of the 6th over - 0 runs, 0 hits, 0 errors, 1 left on base; Seattle (APP) 2 - Texas (APP) 3 |
TOP OF THE 7TH |
Seattle (APP) Mariners batting - Pitching for Texas (APP) Rangers : RHP Torsten Fisher
|
Batting: RHB Danny Pujols
|
0-0: Ball 1-0: Called Strike 1-1: Ball 2-1: Called Strike 2-2: Ball 3-2: Strikes out swinging
|
Batting: RHB Omar Solis
|
0-0: Hit by Pitch
|
Pinch Hitting: LHB Prince Nunley
|
0-0: Called Strike 0-1: SINGLE (Groundball, 56D, EV 97.5 MPH) Omar Solis to second
|
Batting: RHB Nick Edmunds
|
0-0: Ball 1-0: Fly out, F8 (Flyball, 8RD, EV 101.9 MPH)
|
Batting: RHB John Vasquez
|
0-0: Ball 1-0: Ball 2-0: Foul Ball, location: 2F 2-1: Foul Ball, location: 2F 2-2: Strikes out swinging
|
Top of the 7th over - 0 runs, 1 hit, 0 errors, 2 left on base; Seattle (APP) 2 - Texas (APP) 3 |
BOTTOM OF THE 7TH |
Texas (APP) Rangers batting - Pitching for Seattle (APP) Mariners : RHP Luis Pantoja
|
Pitching: RHP Eric Dixon
|
|
Now at 2B: Danny Pujols
|
|
Now in RF: Prince Nunley
|
|
Batting: LHB Bobby Scott
|
0-0: Foul Ball, location: 2F 0-1: SOLO HOME RUN (Line Drive, 9LD, EV 96.9 MPH), Distance : 365 ft
|
Batting: SHB Tim Rogers
|
0-0: Called Strike 0-1: Ball 1-1: Foul Ball, location: 2F 1-2: Ball 2-2: Ball 3-2: Strikes out swinging
|
Batting: RHB Ron Squires
|
0-0: Ball 1-0: Called Strike 1-1: Foul Ball, location: 2F 1-2: Ball 2-2: Foul Ball, location: 2F 2-2: Foul Ball, location: 2F 2-2: Ball 3-2: Ground out 6-3 (Groundball, 6, EV 86.9 MPH)
|
Batting: RHB Luis Reyna
|
0-0: Swinging Strike 0-1: Ball 1-1: Ball 2-1: Ball 3-1: Base on Balls
|
Pitching: RHP Frank Cabrera
|
|
Batting: RHB Elias Sagrero
|
0-0: Called Strike 0-1: Ball 1-1: Ball Luis Reyna steals 2nd base 2-1: Ball 3-1: Base on Balls
|
Batting: RHB Luis Solorzano
|
0-0: Fielders Choice at 2nd, 6-4 (Groundball, 6, EV 88.8 MPH)
|
Bottom of the 7th over - 1 run, 1 hit, 0 errors, 2 left on base; Seattle (APP) 2 - Texas (APP) 4 |
TOP OF THE 8TH |
Seattle (APP) Mariners batting - Pitching for Texas (APP) Rangers : RHP Torsten Fisher
|
Pitching: RHP Brad Sanchez
|
|
Batting: SHB Carlos Luna
|
0-0: Ball 1-0: DOUBLE (Line Drive, 7LD, EV 105.6 MPH)
|
Batting: RHB Victor Rosas
|
0-0: Called Strike 0-1: Foul Ball, location: 2F 0-2: Ground out 6-3 (Groundball, 6S, EV 93.1 MPH)
|
Batting: SHB Frank Amato
|
0-0: Called Strike 0-1: Ball 1-1: Ball 2-1: Foul Ball, location: 2F 2-2: Foul Ball, location: 2F 2-2: Foul Ball, location: 2F 2-2: Foul Ball, location: 2F 2-2: Ball 3-2: Base on Balls
|
Batting: LHB Chang Huie
|
0-0: Swinging Strike 0-1: Ball 1-1: Foul Ball, location: 2F 1-2: Ball 2-2: Strikes out swinging
|
Batting: RHB Danny Pujols
|
0-0: Ball 1-0: Fielders Choice at 2nd, 6-4 (Groundball, 6MD, EV 82.5 MPH)
|
Top of the 8th over - 0 runs, 1 hit, 0 errors, 2 left on base; Seattle (APP) 2 - Texas (APP) 4 |
BOTTOM OF THE 8TH |
Texas (APP) Rangers batting - Pitching for Seattle (APP) Mariners : RHP Frank Cabrera
|
Batting: SHB Zack Barton
|
0-0: SINGLE (Groundball, 34D, EV 103.8 MPH)
|
Batting: LHB Eddie Reyes
|
0-0: Ball Zack Barton steals 2nd base 1-0: Called Strike 1-1: Ball 2-1: Ball 3-1: Base on Balls
|
Batting: SHB Albert Ortiz
|
0-0: Ball 1-0: Called Strike 1-1: Swinging Strike 1-2: Strikes out swinging
|
Batting: LHB Bobby Scott
|
0-0: Ball 1-0: Foul Ball, location: 2F 1-1: SINGLE (Groundball, 6D, EV 111.2 MPH) Zack Barton to third Eddie Reyes to second Runner from 3rd tries for Home, SAFE, throw by CF to home
|
Pitching: RHP Mario Mata
|
|
Batting: SHB Tim Rogers
|
0-0: Called Strike 0-1: Foul Ball, location: 2F 0-2: Ball 1-2: Fielders Choice at 2nd, 3-6 (Groundball, 34S, EV 87.5 MPH) Eddie Reyes to third
|
Batting: RHB Ron Squires
|
0-0: Ball 1-0: Called Strike 1-1: DOUBLE (Flyball, 89D, EV 98.8 MPH) Eddie Reyes scores Tim Rogers to third
|
Batting: RHB Luis Reyna
|
0-0: Ball 1-0: Ball 2-0: Called Strike 2-1: Ball 3-1: Fly out, F7 (Flyball, 78M, EV 89.4 MPH)
|
Bottom of the 8th over - 2 runs, 3 hits, 0 errors, 2 left on base; Seattle (APP) 2 - Texas (APP) 6 |
TOP OF THE 9TH |
Seattle (APP) Mariners batting - Pitching for Texas (APP) Rangers : RHP Brad Sanchez
|
Batting: RHB Omar Solis
|
0-0: Ball 1-0: Foul Ball, location: 2F 1-1: Foul Ball, location: 2F 1-2: Ball 2-2: Ball 3-2: Ground out 6-3 (Groundball, 56D, EV 92.5 MPH)
|
Batting: LHB Prince Nunley
|
0-0: Foul Ball, location: 2F 0-1: Swinging Strike 0-2: Ball 1-2: Strikes out swinging
|
Batting: RHB Nick Edmunds
|
0-0: Ball 1-0: Foul Ball, location: 2F 1-1: Ball 2-1: Ball 3-1: Base on Balls
|
Batting: RHB John Vasquez
|
0-0: Called Strike 0-1: Ball 1-1: Hit by Pitch Nick Edmunds to second
|
Batting: SHB Carlos Luna
|
0-0: Called Strike 0-1: Ball 1-1: Ball 2-1: Foul Ball, location: 2F 2-2: Ball 3-2: Fly out, F7 (Flyball, 7D, EV 100.0 MPH)
|
Top of the 9th over - 0 runs, 0 hits, 0 errors, 2 left on base; Seattle (APP) 2 - Texas (APP) 6 |
|